 Dungeon Crawl Stone Soup version 0.21-a0-401-g0b6bec4 (webtiles) character file.

1017660 Mitsuki the Conqueror (level 27, -1/199 HPs)
             Began as a Gargoyle Gladiator on Oct 22, 2017.
             Was the Champion of Okawaru.
             Killed by divine providence
             ... invoked by a smoke demon
              (7 damage)
             ... while paralysed by accursed screaming
             ... on level 8 of a ziggurat on Oct 25, 2017.
             The game lasted 09:54:18 (111242 turns).

Mitsuki the Conqueror (Gargoyle Gladiator)        Turns: 111242, Time: 09:54:19

Health: -1/199     AC: 65    Str: 33    XL:     27
Magic:  29/29      EV:  2    Int: 14    God:    Okawaru [******]
Gold:   9157       SH:  0    Dex: 13    Spells: 24/26 levels left

rFire    + . .     SeeInvis +   i - +9 eveningstar (crush)
rCold    + . .     Gourm    .   g - +3 warlock's mirror {reflect}
rNeg     + + +     Faith    .   p - +12 crystal plate armour
rPois    ∞         Spirit   .   w - +0 hat {SInv}
rElec    +         Reflect  +   Y - scarf "Vavvame" {rC+ rCorr Int+2}
rCorr    +         Harm     .   I - +2 pair of gloves of Qazlal's Reproof {Str+3 Int+4}
MR       +++++                  n - +1 pair of boots {Stlth+}
Stlth    ..........             K - amulet of regeneration
HPRegen  0.83/turn              s - ring "Faadicas" {*Drain rElec rPois rN++ MR+ Stlth+}
MPRegen  0.21/turn              G - ring of Siuschoc {Fire MR+ Int-4 Dex+4 Stlth-}

@: paralysed, flying
A: big wings, horns 1, large bone plates 1, clumsy 1, cold resistance 1,
[deformed body], low mp 1, magic resistance 1, negative energy resistance 1,
screaming 1, shaggy fur 1, electricity resistance, strong 1, unbreathing,
petrification resistance, no potion heal 1, rot immunity, sturdy frame 1, AC +20
}: 7/15 runes: decaying, serpentine, slimy, silver, golden, obsidian, icy
a: Stop Flying, Heroism, Finesse, Renounce Religion


You were on level 8 of a ziggurat.
You worshipped Okawaru.
Okawaru was exalted by your worship.
You were not hungry.

You visited 15 branches of the dungeon, and saw 71 of its levels.
You visited the Abyss 2 times.
You visited 1 ziggurat, and saw 8 of its levels.
You also visited: Ice Cave.

You collected 12665 gold pieces.
You spent 3508 gold pieces at shops.

Inventory:

Hand Weapons
 i - a +9 eveningstar of crushing (weapon)
 Q - a +6 demon whip of freezing
Armour
 g - the +3 warlock's mirror (worn) {reflect}
   (You bought it in a shop on level 2 of the Orcish Mines)
 n - a +1 pair of boots of stealth (worn)
 p - a +12 crystal plate armour (worn)
 w - a +0 hat of see invisible (worn)
 B - the +2 pair of gloves of the Empire {rC++ Int-3}
   (Okawaru gifted it to you on level 1 of the Elven Halls)

   It affects your intelligence (-3).
   It greatly protects you from cold.
 E - the +1 robe "Byuciq" {rElec Str+5 Int-4 Stlth+, unknown}
   (Okawaru gifted it to you on level 6 of a ziggurat)

   It affects your strength (+5).
   It affects your intelligence (-4).
   It insulates you from electricity.
   It makes you more stealthy.
 I - the +2 pair of gloves of Qazlal's Reproof (worn) {Str+3 Int+4}
   (You found it on level 3 of the Elven Halls)

   It affects your strength (+3).
   It affects your intelligence (+4).
 Y - the scarf "Vavvame" (worn) {rC+ rCorr Int+2}
   (You found it on level 5 of the Lair of Beasts)

   It affects your intelligence (+2).
   It protects you from cold.
   It protects you from acid and corrosion.
Magical Staves
 O - an uncursed staff of fire {unknown}
Jewellery
 s - the ring "Faadicas" (left hand) {*Drain rElec rPois rN++ MR+ Stlth+}
   (You found it on level 7 of Gehenna)

   [ring of protection from magic]

   It insulates you from electricity.
   It protects you from poison.
   It greatly protects you from negative energy.
   It affects your resistance to hostile enchantments.
   It causes draining when unequipped.
   It makes you more stealthy.
 t - a +6 amulet of reflection
 G - the ring of Siuschoc (right hand) {Fire MR+ Int-4 Dex+4 Stlth-}
   (You found it on level 3 of the Crypt)

   [ring of fire]

   It enhances your fire magic.
   It affects your intelligence (-4).
   It affects your dexterity (+4).
   It protects you from fire.
   It makes you vulnerable to cold.
   It affects your resistance to hostile enchantments.
   It makes you less stealthy.
 K - an amulet of regeneration (around neck)
Wands
 d - a wand of clouds (0/9)
 q - a wand of scattershot (5/9)
 P - a wand of clouds (7/9)
Scrolls
 c - 3 scrolls of fog
 o - 2 scrolls of remove curse
 x - 6 scrolls of summoning
 y - 2 scrolls of recharging
 z - 18 scrolls of teleportation
 C - 8 scrolls of fear
 F - 8 scrolls of magic mapping
 J - a scroll of amnesia
 M - 4 scrolls of blinking
Potions
 e - 5 potions of ambrosia
 j - 3 potions of haste
 k - 5 potions of invisibility
 l - 2 potions of berserk rage
 m - 3 potions of cancellation
 r - 5 potions of resistance
 v - 37 potions of curing
 D - 4 potions of heal wounds
Books
 H - a Fen Folio

   Spells                             Type                      Level
   a - Corpse Rot                     Necromancy                   2
   b - Stone Arrow                    Conjuration/Earth            3
   c - Leda's Liquefaction            Hexes/Earth                  4
   d - Summon Forest                  Summoning/Translocation      5
   e - Hydra Form                     Transmutation                6
   f - Summon Hydra                   Summoning                    7
 L - the Catalogue of Earthen Dislocation
   (You found it on level 7 of a ziggurat)

   Spells                             Type                      Level
   a - Shroud of Golubria             Charms/Translocation         2
   b - Gell's Gravitas                Translocation                3
   c - Passage of Golubria            Translocation                4
   d - Summon Forest                  Summoning/Translocation      5
   e - Statue Form                    Transmutation/Earth          6
Miscellaneous
 f - the horn of Geryon
 h - 5 phantom mirrors
 N - 4 boxes of beasts
 R - a phial of floods (inert)
 W - a fan of gales
Comestibles
 a - 27 bread rations
 b - 11 royal jellies
 A - 15 chunks of flesh


   Skills:
 O Level 27 Fighting
 O Level 27 Maces & Flails
 - Level 1.7 Throwing
 O Level 27 Armour
 + Level 23.4 Dodging
 O Level 27 Shields
 - Level 10.0 Invocations
 - Level 13.6 Evocations


You had 24 spell levels left.
You knew the following spells:

 Your Spells              Type           Power        Failure   Level  Hunger
b - Blink                 Tloc           N/A          83%         2    ###....


Dungeon Overview and Level Annotations

Branches:
Dungeon (15/15)            Temple (1/1) D:7            Lair (6/6) D:11
  Swamp (4/4) Lair:2        Snake (4/4) Lair:3        Slime (5/5) Lair:6
    Orc (2/2) D:12            Elf (3/3) Orc:2        Vaults (5/5) D:13
  Crypt (3/3) Vaults:2       Tomb (3/3) Crypt:3      Depths (5/5) D:15
   Hell (1/1)                 Dis (0/7) Hell            Geh (7/7) Hell
    Coc (7/7) Hell            Tar (0/7) Hell            Zot (0/5) Depths:5

Altars:
Ashenzari
Cheibriados
Dithmenos
Elyvilon
Fedhas
Gozag
Kikubaaqudgha
Makhleb
Nemelex Xobeh
Okawaru
Qazlal
Ru
Sif Muna
Trog
Uskayaw
Vehumet
Wu Jian
Xom
Yredelemnul
Zin
The Shining One
Beogh
Lugonu

Shops:
D:4 (   D:12 [   Orc:2 =([*(   Elf:2 =}=   Elf:3 (?*   Snake:1 [   Snake:2 (?
Vaults:2 *   Vaults:3 ?

Portals:
Hell: Depths:1 Depths:2 Depths:3 Depths:4 Depths:5
Abyss: Depths:3 Depths:4
Pandemonium: Depths:1 Depths:3 Depths:5

Annotations:
D:2 1 runed door


Innate Abilities, Weirdness & Mutations

You are resistant to torment.
Your stone body is resilient. (AC +20)
You are immune to poison.
Your large and strong wings let you fly indefinitely.
You resist negative energy. (rN+)
You are resistant to electric shocks. (rElec)
You can survive without breathing.
You are immune to petrification.
You are immune to rotting.
You have a pair of small horns on your head.
You are partially covered in large bone plates. (SH +4)
You are clumsy. (Dex -2)
Your flesh is cold resistant. (rC+)
Your magical capacity is low. (-10% MP)
You are resistant to hostile enchantments. (MR+)
You occasionally shout uncontrollably at your foes.
You are covered in fur. (AC +1)
Your muscles are strong. (Str +2)
Potions are less effective at restoring your health.
Your movements are slightly less encumbered by armour. (ER -2)
[Armour fits poorly on your strangely shaped body.]


Message History

You closely miss the smoke demon.
You headbutt the smoke demon, but do no damage.
The smoke demon is severely wounded.
A deafening chorus of shrieks assaults your mind!
* * * LOW HITPOINT WARNING * * *
You suddenly lose the ability to move!
The smoke demon gestures at you.
Helpless, you fail to dodge the ball of steam.
The smoke demon hits you but does no damage.
The smoke demon completely misses you.
The smoke demon hits you but does no damage.
The starcursed mass engulfs you but does no damage.
The smoke demon is engulfed in blazing flames.
The smoke demon completely misses you. The smoke demon barely misses you.
The smoke demon hits you but does no damage.
A deafening chorus of shrieks assaults your mind!
* * * LOW HITPOINT WARNING * * *
The smoke demon gestures at you. Something smites you!
You die...

▓▓▓▓▓▓▓▓▓▓▓
▓.XX@.....▓
▓XX3§3....▓▓▓▓▓
▓...5X§§§.........▓
▓...3§§§§.........▓
▓"??§§§§§..†......▓
▓∩§§§§§§#.#.......▓
▓>§§§§§§.........∩▓
▓∩|?....#.#.......▓
▓:}...............▓


You could see 5 starcursed masses, 2 smoke demons, a neqoxec and a quasit.

Vanquished Creatures
  Antaeus (Coc:7)
  Asmodeus (Geh:7)
  the Royal Jelly (Slime:5)
  the Serpent of Hell (Geh:7)
  Khufu (Tomb:1)
  An ancient lich (Tomb:2)
  4 juggernauts
  31 greater mummies
  Boris (twice) (Depths:4 Tomb:3)
  The ghost of EnegeticOcto the Slayer, a veteran GrAK of Lugonu (Depths:4)
  Frederick (Tomb:3)
  Xtahua (Depths:3)
  35 shard shrikes
  Bai Suzhen (Vaults:3)
  Geryon (Hell)
  4 caustic shrikes (Depths:5)
  Nikola (Swamp:2)
  4 golden dragons
  Saint Roka (Snake:2)
  A profane servitor (Crypt:2)
  12 bone dragons
  38 Brimstone Fiends
  Jory (Crypt:2)
  A shard shrike zombie (Crypt:3)
  31 Ice Fiends
  Jorgrun (Swamp:4)
  Rupert (D:13)
  A Hell Sentinel (Geh:4)
  5 tentacled monstrosities
  The ghost of dranichekk the Sorcerer, an adept BaSu of Ashenzari (Slime:5)
  15 liches
  3 deep elf blademasters
  A deep elf master archer (Elf:3)
  A quicksilver dragon (Vaults:5)
  2 tentacled starspawn
  4 titans
  14 sphinxes
  27 acid blobs
  An Executioner (Coc:3)
  8 eldritch tentacles
  4 thorn hunters (Swamp:4)
  6 shadow dragons
  2 storm dragons
  10 ancient champions
  4 revenants
  5 tengu reavers
  11 fire giants
  15 azure jellies
  2 frost giants (shapeshifter)
  2 orc warlords
  10 nagarajas
  A daeva (Abyss:2)
  4 iron dragons
  13 frost giants
  11 deep elf sorcerers
  16 vault wardens
  A cacodemon (Coc:4)
  Aizul (Crypt:1)
  A juggernaut zombie (Crypt:2)
  Louise (Swamp:2)
  12 balrugs
  3 draconian scorchers
  A ghost moth (Zig:7)
  8 ghouls
  4 deep elf elementalists
  3 curse skulls
  3 spriggan defenders
  A draconian shifter (Depths:5)
  42 reapers
  10 very ugly things
  An entropy weaver (shapeshifter) (Vaults:5)
  10 elemental wellsprings
  14 ironheart preservers
  Nessos (D:13)
  22 stone giants
  5 entropy weavers
  A war gargoyle (Hell)
  A black draconian (Depths:5)
  24 vampire knights
  5 bennus
  9 deep elf annihilators
  2 red draconians (Depths:5)
  19 starcursed masses
  A purple draconian (Depths:5)
  9 deep elf demonologists
  7 spark wasps
  17 ettins
  A merfolk javelineer (Depths:5)
  3 eidola
  2 white draconians (Depths:5)
  9 death oozes
  17 deep elf death magi
  A spark wasp (shapeshifter) (Vaults:4)
  21 blizzard demons
  2 pearl dragon zombies (Crypt:2)
  14 yaktaur captains
  A minotaur (shapeshifter) (Depths:3)
  19 jiangshi
  17 mummy priests
  7 fire dragons
  11 ogre magi
  10 quicksilver dragon zombies
  7 deep elf high priests
  20 great orbs of eyes
  2 green deaths
  21 naga warriors
  An ice dragon (shapeshifter) (Depths:2)
  2 hell beasts
  A kraken zombie (Coc:3)
  9 rakshasas
  43 vault guards
  21 hydras
  6 spriggan air magi
  4 quicksilver dragon skeletons
  36 ice dragons
  A ghost crab (Swamp:4)
  2 alligators (Swamp:4)
  13 anacondas
  4 death knights
  35 two-headed ogres
  9 centaur warriors
  A death yak (shapeshifter) (Vaults:5)
  12 deep troll shamans
  A death yak (Lair:4)
  45 death scarabs
  A queen ant (Lair:6)
  19 deep troll earth magi
  29 dancing weapons
  38 hell hogs
  3 spriggan berserkers
  14 vampire magi
  3 thrashing horrors
  2 orc high priests (Orc:2)
  A shock serpent (shapeshifter) (Depths:4)
  22 naga sharpshooters
  2 tengu warriors
  11 titan zombies
  4 iron golems
  9 shock serpents
  11 storm dragon zombies
  7 large abominations
  17 deep elf knights
  12 soul eaters
  Sonja (Orc:2)
  22 sun demons
  71 hell knights
  4 iron trolls
  A fire crab (Geh:4)
  12 titan skeletons
  A shadow demon (Coc:2)
  2 wretched stars (Zig:8)
  4 salamander mystics
  A sea snake (shapeshifter) (Vaults:4)
  37 deep trolls
  4 ghost moth zombies
  5 golden dragon zombies
  A sixfirhy (Abyss:3)
  A death drake (Abyss:3)
  4 shadow wraiths
  136 skeletal warriors
  14 anaconda zombies
  A spatial maelstrom (Abyss:2)
  16 flayed ghosts
  6 storm dragon skeletons
  The ghost of Drevant the Arsonist, a novice DrFE of Vehumet (D:6)
  5 wizards
  5 spriggan druids
  8 naga ritualists
  An orange crystal statue (D:12)
  A kraken simulacrum (Hell)
  7 glowing orange brains
  20 ironbrand convokers
  3 unseen horrors
  A shambling mangrove (Swamp:3)
  6 golden dragon skeletons
  A deep troll (shapeshifter) (Elf:3)
  2 shadow dragon zombies (Coc:1)
  15 deep elf archers
  10 swamp dragons
  15 orc knights
  29 phantasmal warriors
  24 necromancers
  6 harpies
  6 orb spiders (Zig:7)
  8 fire giant zombies
  A lindwurm (shapeshifter) (Vaults:1)
  41 ugly things
  50 deep elf magi
  7 shining eyes
  7 orc sorcerers
  13 anaconda skeletons
  11 wolf spider zombies
  9 shadow dragon skeletons
  4 wolf spiders
  4 iron dragon zombies
  10 mana vipers
  A wolf spider (shapeshifter) (Depths:5)
  5 cyclopes
  A sphinx skeleton (Zig:8)
  6 frost giant zombies
  14 stone giant zombies
  A worldbinder (Zig:8)
  A salamander (shapeshifter) (Depths:3)
  4 manticores
  28 salamanders
  13 fire giant skeletons
  A moth of wrath (Zig:7)
  3 centaur zombies
  6 elephants
  4 guardian serpents
  4 apis skeletons (Crypt:2)
  9 iron dragon skeletons
  34 naga magi
  Maurice (D:13)
  2 shock serpent zombies
  5 stone giant skeletons
  9 rust devils
  2 black mambas (shapeshifter)
  2 apocalypse crabs (Abyss:2)
  2 shock serpent skeletons
  4 eyes of devastation
  21 molten gargoyles
  A storm dragon simulacrum (Coc:4)
  4 ice statues
  6 smoke demons
  8 dire elephant zombies
  37 black mambas
  3 orange demons
  12 vault sentinels
  17 spiny frogs
  9 frost giant skeletons
  A pale draconian zombie (Crypt:2)
  2 kobold demonologists (D:14)
  A torpor snail (shapeshifter) (Elf:3)
  4 emperor scorpion zombies
  A spriggan zombie (Zig:4)
  A yaktaur zombie (Vaults:2)
  4 catoblepas zombies
  39 hellions
  9 efreet
  A komodo dragon (Zig:1)
  3 rime drakes
  2 demonic crawlers (Zig:7)
  51 freezing wraiths
  42 ice devils
  A komodo dragon (shapeshifter) (Vaults:4)
  15 dire elephant skeletons
  40 yaktaurs
  39 tormentors
  2 yaktaurs (shapeshifter)
  3 anaconda simulacra (Coc:6)
  A hellwing (Abyss:2)
  An ancient zyme (Zig:6)
  2 catoblepas skeletons
  A ghost moth simulacrum (Coc:4)
  42 guardian mummies
  31 hydra zombies
  A meliai (shapeshifter) (Vaults:1)
  9 polar bears (Lair:6)
  3 harpy zombies
  3 tengu conjurers (Depths:3)
  A jumping spider (Zig:7)
  A jumping spider (shapeshifter) (Vaults:3)
  A queen bee (D:8)
  A death drake zombie (Crypt:3)
  A minotaur skeleton (Geh:2)
  A polar bear (shapeshifter) (D:14)
  A wolf spider simulacrum (Hell)
  34 red devils
  4 bog bodies
  13 hornets
  11 trolls
  5 hippogriffs
  3 tyrant leeches (Swamp:4)
  116 slime creatures
  11 blink frogs
  2 harpy skeletons
  13 alligator zombies
  A moth of wrath zombie (Crypt:3)
  A satyr zombie (Crypt:2)
  12 raiju
  A stone giant simulacrum (Coc:6)
  10 ettin zombies
  A sphinx simulacrum (Vaults:1)
  14 hydra skeletons
  2 fire giant simulacra
  4 small abominations
  9 ice dragon zombies
  6 fire dragon zombies
  A tarantella (shapeshifter) (Vaults:1)
  13 alligator skeletons
  7 ice dragon skeletons
  230 flying skulls
  32 shadows
  4 black mamba zombies
  7 fire dragon skeletons
  2 ynoxinuls
  9 air elementals
  A satyr skeleton (Crypt:1)
  10 spriggans
  19 water elementals
  3 wyverns
  43 wraiths
  31 yaks
  15 ettin skeletons
  19 ushabtiu
  A dire elephant simulacrum (Coc:6)
  Grum (Lair:1)
  48 fire elementals
  A yak (shapeshifter) (Depths:3)
  6 golden eyes
  2 basilisks
  5 hungry ghosts
  6 fire bats
  3 black mamba skeletons
  A chaos spawn (Abyss:2)
  2 neqoxecs (Abyss:3)
  A steam dragon (Lair:6)
  10 vampire mosquitoes
  19 wargs
  66 nagas
  A two-headed ogre zombie (D:12)
  2 monstrous demonspawn zombies
  A spatial vortex (Coc:6)
  8 soldier ants (Lair:6)
  An acid dragon (shapeshifter) (Depths:3)
  A merfolk zombie (Crypt:1)
  Duvessa (D:7)
  20 swamp worms
  4 acid dragons
  2 water moccasins (shapeshifter)
  A two-headed ogre skeleton (Crypt:2)
  6 water moccasins
  16 spiny frog zombies
  11 porcupines
  A floating eye (Depths:4)
  4 hydra simulacra
  61 hell hounds
  13 swamp drakes
  An ice beast (shapeshifter) (Vaults:3)
  8 spiny frog skeletons
  2 hornet zombies
  2 merfolk skeletons
  46 orc warriors
  28 ice beasts
  A sky beast (D:10)
  2 swamp dragon zombies
  11 black bears (Lair:6)
  17 necrophages
  3 manticore zombies
  13 phantoms
  A fire dragon simulacrum (Coc:5)
  An ice dragon simulacrum (Hell)
  7 snapping turtle zombies
  7 eyes of draining
  6 snapping turtle skeletons
  28 ogres
  2 ettin simulacra
  2 manticore skeletons (Geh:7)
  29 wolves
  9 crocodiles
  10 centaurs
  3 elf zombies
  A hippogriff zombie (Crypt:1)
  3 swamp dragon skeletons
  A big kobold (D:14)
  A komodo dragon zombie (Crypt:3)
  A gnoll sergeant (D:7)
  15 bullfrogs
  4 earth elementals
  Dowan (D:7)
  3 spiny frog simulacra
  3 elf skeletons
  2 wyvern skeletons
  6 scorpions
  18 killer bees
  A yak skeleton (Crypt:1)
  A raiju skeleton (Crypt:2)
  110 wights
  A howler monkey (D:6)
  An electric eel (Lair:4)
  A bullfrog zombie (D:12)
  5 quasits
  9 crimson imps
  2 iron imps
  7 jellies
  5 hounds
  22 orc wizards
  2 bullfrog skeletons
  4 human zombies
  17 orc priests
  3 basilisk skeletons
  5 iguanas
  9 centaur skeletons
  5 human skeletons
  A demonspawn zombie (Crypt:3)
  29 worker ants
  A deep dwarf zombie (Crypt:3)
  7 ogre zombies (D:12)
  A naga zombie (Coc:3)
  2 tengu zombies
  A naga skeleton (Geh:6)
  2 ogre skeletons
  59 mummies
  11 gnolls
  2 howler monkey skeletons (D:10)
  2 worker ant zombies
  12 adders
  A shadow imp (D:9)
  39 white imps
  3 oozes
  An adder zombie (D:8)
  An adder skeleton (D:9)
  A worm (D:3)
  2 dart slugs
  12 leopard geckos
  71 orcs
  3 ball pythons
  8 giant cockroaches
  13 goblins
  9 hobgoblins
  8 jackals
  4 quokkas
  8 bats
  3 frilled lizards (D:6)
  A goblin skeleton (Crypt:1)
  2 goblin zombies (D:12)
  4 hobgoblin skeletons
  3 hobgoblin zombies (D:12)
  7 kobolds
  2 kobold skeletons
  7 orc skeletons (D:12)
  11 orc zombies
  6 rats
  A rat (shapeshifter) (Depths:4)
  7 briar patches (Swamp:4)
  4 crawling corpses
  3 fire vortices (Geh:5)
  6 plants
  A tentacle (Hell)
4505 creatures vanquished.

Vanquished Creatures (collateral kills)
  A bennu (Tomb:3)
  A mummy priest (Tomb:3)
  A demonic crawler (Zig:8)
  A raiju (Zig:8)
  A flying skull (Tomb:3)
5 creatures vanquished.

Vanquished Creatures (others)
  A shard shrike (Coc:6)
  4 eldritch tentacles
  An ancient champion (Tomb:2)
  A fire giant (Depths:3)
  A nagaraja (Snake:4)
  An ironheart preserver (Vaults:2)
  4 stone giants
  An elemental wellspring (Coc:4)
  An ice dragon (Coc:2)
  3 yaktaur captains
  A centaur warrior (D:15)
  5 death scarabs (Tomb:3)
  A hell hog (Crypt:2)
  2 naga sharpshooters
  3 skeletal warriors (Tomb:2)
  A shadow wraith (Crypt:2)
  2 deep elf archers
  A naga ritualist (Snake:4)
  A vault sentinel (Vaults:2)
  An emperor scorpion zombie (Geh:4)
  A guardian mummy (Tomb:2)
  8 yaktaurs
  A hydra zombie (Coc:1)
  A hellwing (Abyss:2)
  13 flying skulls
  An ushabti (Tomb:2)
  A wraith (Geh:2)
  A large abomination (Abyss:2)
  A golden eye (Abyss:2)
  A necrophage (Geh:1)
  An ogre (Vaults:5)
  A small abomination (Abyss:2)
  4 wights
  A worker ant (Lair:6)
  A mummy (Tomb:2)
  A white imp (Coc:7)
  2 briar patches (Swamp:4)
  11 fungi
  A lurking horror (Abyss:2)
  17 plants
  3 starspawn tentacles
  6 tentacles (Hell)
114 creatures vanquished.

Grand Total: 4624 creatures vanquished

Notes
Turn   | Place    | Note
-------+----------+-------------------------------------------
     0 | D:1      | Mitsuki the Gargoyle Gladiator began the quest for the Orb.
     0 | D:1      | Reached XP level 1. HP: 12/12 MP: 1/1
   247 | D:1      | Reached XP level 2. HP: 16/18 MP: 2/2
   312 | D:1      | Reached skill level 1 in Armour
   777 | D:1      | Reached XP level 3. HP: 21/22 MP: 3/3
  1544 | D:2      | Reached XP level 4. HP: 24/28 MP: 4/4
  2359 | D:2      | Found a runed door.
  2483 | D:3      | Reached XP level 5. HP: 26/32 MP: 5/5
  3076 | D:3      | Found a snail-covered altar of Cheibriados.
  3141 | D:3      | Reached skill level 1 in Evocations
  3777 | D:4      | Reached XP level 6. HP: 38/38 MP: 6/6
  3801 | D:4      | Found Yrchanitt's Antique Weapon Boutique.
  4170 | D:4      | HP: 1/38 [ogre/giant spiked club (16)]
  4765 | D:5      | Entered Level 5 of the Dungeon
  4778 | D:4      | You fall through a shaft!
  4825 | D:5      | Reached XP level 7. HP: 43/44 MP: 8/8
  5246 | D:5      | Found a deep blue altar of Sif Muna.
  5592 | D:6      | Reached skill level 5 in Maces & Flails
  5667 | D:6      | Found a stormy altar of Qazlal.
  5764 | D:6      | Noticed Drevant's ghost (novice DrFE)
  6205 | D:6      | Reached skill level 5 in Fighting
  6476 | D:6      | Reached XP level 8. HP: 44/49 MP: 10/10
  6695 | D:6      | Reached skill level 5 in Armour
  6726 | D:6      | Found a radiant altar of Vehumet.
  6734 | D:6      | Found an iron altar of Okawaru.
  6811 | D:6      | Found a bloodstained altar of Trog.
  7794 | D:6      | Became a worshipper of Warmaster Okawaru
  7918 | D:6      | Found a radiant altar of Vehumet.
  8284 | D:6      | Found a stormy altar of Qazlal.
  8417 | D:6      | Killed Drevant's ghost
  8417 | D:6      | Reached * piety under Okawaru
  8417 | D:6      | Reached XP level 9. HP: 17/56 MP: 12/12
  8657 | D:6      | Found a bloodstained altar of Trog.
  9337 | D:7      | Found a snail-covered altar of Cheibriados.
  9345 | D:7      | Reached skill level 1 in Invocations
  9365 | D:7      | Found a staircase to the Ecumenical Temple.
  9377 | D:7      | Reached skill level 5 in Evocations
  9578 | D:7      | Reached ** piety under Okawaru
  9784 | D:7      | Noticed Duvessa
  9785 | D:7      | Noticed Dowan
  9795 | D:7      | Killed Duvessa
  9804 | D:7      | Killed Dowan
  9960 | D:7      | Found a glowing golden altar of the Shining One.
 10505 | D:8      | Reached XP level 10. HP: 54/64 MP: 14/14
 10637 | D:8      | Found an ancient bone altar of Kikubaaqudgha.
 10713 | D:8      | Found a blossoming altar of Fedhas.
 11250 | D:8      | Reached *** piety under Okawaru
 11684 | D:8      | Found a glowing silver altar of Zin.
 11684 | D:8      | Found an ornate altar of the Wu Jian Council.
 11745 | D:9      | Noticed a two-headed ogre
 11756 | D:9      | Killed a two-headed ogre
 11756 | D:9      | Reached skill level 5 in Invocations
 11812 | D:9      | Noticed a two-headed ogre
 11823 | D:9      | Killed a two-headed ogre
 11823 | D:9      | Reached **** piety under Okawaru
 11887 | D:9      | Reached XP level 11. HP: 67/71 MP: 15/15
 12028 | D:9      | Found a sacrificial altar of Ru.
 12829 | D:10     | Entered Level 10 of the Dungeon
 13216 | D:10     | Reached ***** piety under Okawaru
 14252 | D:10     | Received a gift from Okawaru
 14329 | D:11     | Reached skill level 10 in Fighting
 14513 | D:11     | Noticed a manticore
 14527 | D:11     | Killed a manticore
 14989 | D:11     | Identified Tidde's Handbook of Terror
 15049 | D:11     | Noticed an ogre mage
 15057 | D:11     | Killed an ogre mage
 15057 | D:11     | Reached skill level 10 in Armour
 15257 | D:11     | Found a staircase to the Lair.
 15342 | Lair:1   | Entered Level 1 of the Lair of Beasts
 15547 | Lair:1   | Noticed a four-headed hydra
 15553 | Lair:1   | Killed a four-headed hydra
 15553 | Lair:1   | Received a gift from Okawaru
 15553 | Lair:1   | Reached XP level 12. HP: 52/78 MP: 13/16
 15560 | Lair:1   | Got a citrine-encrusted troll leather armour {god gift}
 15573 | Lair:1   | Reached skill level 10 in Maces & Flails
 15580 | Lair:1   | Noticed Grum
 15642 | Lair:1   | Killed Grum
 15812 | Lair:1   | Identified the +1 troll leather armour of the Other Side {rF+ Regen+ Int+4 Stlth+} (Okawaru gifted it to you on level 1 of the Lair of Beasts)
 16600 | Lair:2   | Found a staircase to the Swamp.
 16614 | Lair:2   | Reached skill level 5 in Dodging
 16798 | Lair:2   | Noticed a four-headed hydra
 16808 | Lair:2   | Killed a four-headed hydra
 16965 | Lair:2   | Noticed a seven-headed hydra
 16976 | Lair:2   | Killed a seven-headed hydra
 17533 | Lair:3   | Found a staircase to the Snake Pit.
 18004 | Lair:4   | Received a gift from Okawaru
 18136 | Lair:4   | Reached XP level 13. HP: 39/84 MP: 18/18
 19506 | Lair:1   | Gained mutation: You are robust. (+10% HP) [potion of mutation]
 19506 | Lair:1   | Gained mutation: Your movements are slightly less encumbered by armour. (ER -2) [potion of mutation]
 19506 | Lair:1   | Gained mutation: You are weak. (Str -2) [potion of mutation]
 19506 | Lair:1   | Gained mutation: Your flesh is cold resistant. (rC+) [potion of mutation]
 19681 | Lair:5   | Found a frozen archway.
 19696 | IceCv    | Entered an ice cave
 19739 | IceCv    | Gained mutation: You have sharp toenails. [mutagenic meat]
 19767 | IceCv    | Found a transporter.
 19815 | IceCv    | Received a gift from Okawaru
 19818 | IceCv    | Got a jewelled great mace {god gift}
 19824 | IceCv    | Gained mutation: You are partially covered in large bone plates. (SH +4) [mutagenic meat]
 19839 | IceCv    | Lost mutation: You are weak. (Str -2) [potion of mutation]
 19839 | IceCv    | Lost mutation: Your flesh is cold resistant. (rC+) [potion of mutation]
 19839 | IceCv    | Gained mutation: You are agile. (Dex +2) [potion of mutation]
 19839 | IceCv    | Gained mutation: You are partially covered in icy blue scales. (AC +2) [potion of mutation]
 19839 | IceCv    | Gained mutation: You are very agile. (Dex +4) [potion of mutation]
 19854 | Lair:5   | Identified the +9 great mace of Past Mistakes {crush, Str+2} (Okawaru gifted it to you in an ice cave)
 20060 | Lair:5   | Identified the Collected Works on Dark Rituals
 20096 | Lair:5   | Got a pitted scarf
 20107 | Lair:5   | Identified the scarf "Vavvame" {rC+ rCorr Int+2} (You found it on level 5 of the Lair of Beasts)
 21030 | Lair:6   | Entered Level 6 of the Lair of Beasts
 21037 | Lair:6   | Found a staircase to the Slime Pits.
 21401 | Lair:6   | Noticed an entropy weaver
 21584 | Lair:6   | Killed an entropy weaver
 21697 | Lair:6   | Received a gift from Okawaru
 21875 | Lair:6   | Noticed an entropy weaver
 21886 | Lair:6   | Killed an entropy weaver
 21886 | Lair:6   | Gained mutation: Your large and strong wings let you fly indefinitely. [Gargoyle growth]
 21886 | Lair:6   | Reached XP level 14. HP: 50/101 MP: 5/21
 22847 | Lair:6   | Reached skill level 10 in Invocations
 23507 | Lair:6   | Received a gift from Okawaru
 24109 | Swamp:1  | Entered Level 1 of the Swamp
 25292 | Swamp:2  | Noticed Nikola
 25297 | Swamp:2  | Noticed Louise
 25307 | Swamp:2  | Killed Nikola
 25312 | Swamp:2  | Cast into level 2 of the Abyss (Louise)
 25495 | Abyss:2  | Reached ****** piety under Okawaru
 25559 | Abyss:2  | Noticed a starcursed mass
 25582 | Abyss:2  | Killed a starcursed mass
 25584 | Abyss:2  | Received a gift from Okawaru
 25625 | Abyss:2  | Noticed a tentacled starspawn
 25631 | Abyss:2  | Killed a tentacled starspawn
 25631 | Abyss:2  | Reached XP level 15. HP: 87/108 MP: 19/22
 26007 | Abyss:2  | Noticed a daeva
 26065 | Abyss:2  | Killed a daeva
 26432 | Abyss:2  | Gained mutation: [Armour fits poorly on your strangely shaped body.] [a neqoxec]
 26453 | Swamp:2  | Escaped the Abyss
 26928 | D:12     | Found a staircase to the Orcish Mines.
 27566 | D:12     | Found Kiothrama's Armour Boutique.
 27791 | D:13     | Noticed Rupert
 27797 | D:13     | Paralysed by Rupert for 6 turns
 27816 | D:13     | Killed Rupert
 27903 | D:13     | Noticed Maurice
 27912 | D:13     | Killed Maurice
 28297 | D:13     | Noticed Nessos
 28307 | D:13     | Killed Nessos
 28332 | D:13     | Found a gate to the Vaults.
 28681 | Orc:1    | Entered Level 1 of the Orcish Mines
 28684 | Orc:1    | Received a gift from Okawaru
 29256 | Orc:2    | Entered Level 2 of the Orcish Mines
 29273 | Orc:2    | Noticed an orc warlord
 29454 | Orc:1    | Reached skill level 15 in Maces & Flails
 29462 | Orc:1    | Killed an orc warlord
 29606 | Orc:2    | Found a roughly hewn altar of Beogh.
 29637 | Orc:2    | Found Naudgh's Weapon Shop.
 29669 | Orc:2    | Found Juqibleg's Antique Armour Shoppe.
 29716 | Orc:2    | Noticed an orc warlord
 29716 | Orc:2    | Found Ziaxt's Jewellery Boutique.
 29735 | Orc:2    | Killed an orc warlord
 29738 | Orc:2    | Received a gift from Okawaru
 29749 | Orc:2    | Reached XP level 16. HP: 55/115 MP: 10/23
 30008 | Orc:2    | Bought a cursed +6 amulet of reflection for 777 gold pieces
 30214 | Orc:2    | Found Dutruimn's Antique Weapon Emporium.
 30256 | Orc:2    | Found Lupeohegh's General Store.
 30477 | Orc:2    | Found a staircase to the Elven Halls.
 30479 | Orc:2    | Noticed Sonja
 30486 | Orc:2    | Killed Sonja
 30957 | Elf:1    | Entered Level 1 of the Elven Halls
 30982 | Elf:1    | Found a radiant altar of Vehumet.
 31020 | Elf:1    | Received a gift from Okawaru
 31021 | Elf:1    | Got a pair of translucent gloves {god gift}
 31770 | Elf:1    | Identified the Incunabulum of Conjuration
 32627 | Elf:2    | Found Kumav's Jewellery Shoppe.
 32628 | Elf:2    | Found Caegyu's Gadget Shop.
 32629 | Elf:2    | Found Idehuji's Jewellery Shoppe.
 33000 | Elf:2    | Received a gift from Okawaru
 33032 | Elf:2    | Found a huge runed gate.
 33032 | Elf:2    | Found a huge runed gate.
 33033 | Elf:2    | Found a huge runed gate.
 33034 | Elf:2    | Found a huge runed gate.
 33038 | Elf:2    | Found a huge runed gate.
 33073 | Elf:2    | Identified the +2 pair of gloves of the Empire {rC++ Int-3} (Okawaru gifted it to you on level 1 of the Elven Halls)
 33103 | Elf:3    | Entered Level 3 of the Elven Halls
 33619 | Elf:3    | Found Guku Fuh's Weapon Emporium.
 33664 | Elf:3    | Found Eheis's Assorted Antiques.
 33681 | Elf:3    | Found Fuecuz's Magic Scroll Emporium.
 33793 | Elf:3    | Reached XP level 17. HP: 115/121 MP: 24/24
 34049 | Elf:3    | Gained mutation: You possess an exceptional clarity of mind. [mutagenic meat]
 34051 | Elf:3    | Gained mutation: Your body sometimes deteriorates upon taking damage. [mutagenic meat]
 34052 | Elf:3    | Gained mutation: You have a pair of small antennae on your head. [mutagenic meat]
 34091 | Elf:3    | Received a gift from Okawaru
 34093 | Elf:3    | Noticed a deep elf blademaster
 34093 | Elf:3    | Noticed a deep elf blademaster
 34094 | Elf:3    | Got a bloodstained hat {god gift}
 34105 | Elf:3    | Killed a deep elf blademaster
 34144 | Elf:2    | Killed a deep elf blademaster
 34156 | Elf:2    | Identified the -2 hat of the Black Moon {rN+ Regen+} (Okawaru gifted it to you on level 3 of the Elven Halls)
 34186 | Elf:3    | Noticed an Executioner
 34186 | Elf:3    | Cast into level 3 of the Abyss (a deep elf demonologist)
 34188 | Abyss:3  | Found an opulent altar of Gozag.
 34199 | Abyss:3  | Found a corrupted altar of Lugonu.
 34265 | Abyss:3  | Noticed a tentacled starspawn
 34277 | Abyss:3  | Killed a tentacled starspawn
 34307 | Abyss:3  | Gained mutation: Your spells are a little easier to cast, but a little less powerful. [a neqoxec]
 34429 | Elf:3    | Escaped the Abyss
 34587 | Elf:3    | Noticed a deep elf master archer
 34589 | Elf:3    | Killed a deep elf master archer
 35122 | D:14     | Lost mutation: [Armour fits poorly on your strangely shaped body.] [mutagenic meat]
 35262 | D:14     | Received a gift from Okawaru
 35265 | D:14     | Got a dazzling ring mail {god gift}
 35443 | D:14     | Reached skill level 10 in Dodging
 35745 | D:14     | Found a glowing golden altar of the Shining One.
 35788 | D:15     | Entered Level 15 of the Dungeon
 35865 | D:15     | Found a basalt altar of Yredelemnul.
 36261 | D:15     | Found a staircase to the Depths.
 36646 | D:15     | Reached skill level 15 in Fighting
 36757 | Lair:1   | Identified the +1 ring mail "Neoj" {rF+ Int+4} (Okawaru gifted it to you on level 14 of the Dungeon)
 37065 | Elf:3    | Reached XP level 18. HP: 130/130 MP: 25/25
 37142 | Elf:3    | Got a pitted buckler
 37142 | Elf:3    | Got an ancient jade ring
 37176 | Elf:3    | Reached skill level 15 in Armour
 37377 | Elf:3    | Received a gift from Okawaru
 37584 | Elf:3    | Got a pair of spiked gloves
 37927 | Lair:1   | Identified the +0 buckler of Wilywnuing {+Inv rPois} (You took it off a deep elf demonologist on level 3 of the Elven Halls)
 37937 | Lair:1   | Identified the +2 pair of gloves of Qazlal's Reproof {Str+3 Int+4} (You found it on level 3 of the Elven Halls)
 37938 | Lair:1   | Identified the ring of Joufiok {MP+9 Int+3} (You took it off a deep elf demonologist on level 3 of the Elven Halls)
 38123 | Swamp:2  | Killed Louise
 39130 | Swamp:4  | Entered Level 4 of the Swamp
 39456 | Swamp:4  | Noticed Jorgrun
 39555 | Swamp:4  | Received a gift from Okawaru
 39622 | Swamp:4  | Killed Jorgrun
 39817 | Swamp:4  | Got a decaying rune of Zot
 40269 | Snake:1  | Entered Level 1 of the Snake Pit
 40372 | Snake:1  | Found Minox's Armour Emporium.
 40382 | Snake:1  | Reached XP level 19. HP: 137/137 MP: 26/26
 40813 | Elf:3    | Bought a +1 eveningstar of protection for 400 gold pieces
 41197 | Snake:1  | Received a gift from Okawaru
 41199 | Snake:1  | Reached skill level 1 in Shields
 41639 | Snake:1  | Lost mutation: Your spells are a little easier to cast, but a little less powerful. [mutagenic meat]
 41879 | Snake:2  | Noticed Saint Roka
 41915 | Snake:2  | Killed Saint Roka
 42129 | Snake:2  | Received a gift from Okawaru
 42130 | Snake:2  | Got a bloodstained great mace {god gift}
 42191 | Snake:2  | Identified the +5 great mace of Amorality {freeze, *Drain rElec Int+6} (Okawaru gifted it to you on level 2 of the Snake Pit)
 42502 | Snake:2  | Found Reapi's Antique Weapon Emporium.
 42508 | Snake:2  | Found Mebi's Magic Scroll Shoppe.
 42521 | Snake:2  | Bought a scroll of enchant armour for 127 gold pieces
 43383 | Snake:3  | Received a gift from Okawaru
 43613 | Snake:3  | Gained mutation: [Armour fits poorly on your strangely shaped body.] [mutagenic meat]
 43614 | Snake:3  | Lost mutation: You are very agile. (Dex +4) [mutagenic meat]
 43869 | Snake:3  | Received a gift from Okawaru
 43870 | Snake:3  | Got a fabulously ornate robe {god gift}
 43883 | Snake:3  | Reached skill level 5 in Shields
 44714 | Snake:4  | Entered Level 4 of the Snake Pit
 44754 | Snake:4  | Reached XP level 20. HP: 146/146 MP: 27/27
 45493 | Snake:4  | Received a gift from Okawaru
 46116 | Snake:4  | Got a serpentine rune of Zot
 46136 | Snake:4  | Identified the Compendium of Dusty Summoning
 47162 | Elf:2    | Received a gift from Okawaru
 47619 | Slime:1  | Entered Level 1 of the Pits of Slime
 47650 | Lair:6   | Reached XP level 21. HP: 118/154 MP: 28/28
 48196 | Slime:3  | Gained mutation: You expend magic power (3 MP) to strengthen your wands. [a shining eye]
 48316 | Slime:4  | Lost mutation: You possess an exceptional clarity of mind. [a shining eye]
 48369 | Slime:4  | Lost mutation: Your body sometimes deteriorates upon taking damage. [a shining eye]
 48648 | Slime:4  | Received a gift from Okawaru
 48648 | Slime:4  | Reached skill level 10 in Shields
 48651 | Slime:4  | Got an iridescent mace {god gift}
 48660 | Slime:5  | Entered Level 5 of the Pits of Slime
 48970 | Slime:5  | Noticed dranichekk's ghost (adept BaSu)
 49273 | Slime:5  | Noticed the Royal Jelly
 49464 | Slime:4  | Gained mutation: You are very agile. (Dex +4) [a shining eye]
 49613 | Slime:5  | Received a gift from Okawaru
 49901 | Slime:5  | Killed dranichekk's ghost
 49970 | Slime:5  | Killed the Royal Jelly
 49970 | Slime:5  | Reached XP level 22. HP: 127/162 MP: 25/29
 49977 | Slime:5  | Gained mutation: You are weak. (Str -2) [a shining eye]
 49999 | Slime:5  | HP: 3/162 [azure jelly (17)]
 50214 | Slime:5  | Got a slimy rune of Zot
 50261 | Slime:5  | Got a twisted flail
 50278 | Slime:5  | Identified Roaxt's Collected Works on the Traveller and Transmutation
 50325 | Slime:5  | Identified the cursed +0 flail of the Globe {speed, Int+3} (You found it on level 5 of the Pits of Slime)
 50348 | Slime:5  | Identified Sif Muna's Grimoire of Flight
 50367 | Slime:5  | Lost mutation: You expend magic power (3 MP) to strengthen your wands. [potion of mutation]
 50367 | Slime:5  | Lost mutation: You are partially covered in icy blue scales. (AC +2) [potion of mutation]
 50367 | Slime:5  | Gained mutation: You are somewhat resistant to further mutation. [potion of mutation]
 50514 | Slime:5  | Identified the +5 mace of Parts Unknown {drain, rElec Int+4 Stlth+} (Okawaru gifted it to you on level 4 of the Pits of Slime)
 50817 | Orc:2    | Bought a scroll of enchant weapon for 105 gold pieces
 50941 | Elf:3    | Bought a scroll of enchant weapon for 105 gold pieces
 50952 | Elf:3    | Bought a scroll of enchant weapon for 247 gold pieces
 51184 | Orc:2    | Bought the +3 warlock's mirror {reflect} for 1000 gold pieces
 51184 | Orc:2    | Found the +3 warlock's mirror {reflect}
 51184 | Orc:2    | Bought an embroidered cloak for 187 gold pieces
 51416 | Vaults:1 | Entered Level 1 of the Vaults
 51463 | Vaults:1 | Gained mutation: You passively map a small area around you. [mutagenic meat]
 52277 | Vaults:1 | Lost mutation: You are weak. (Str -2) [mutagenic meat]
 52280 | Vaults:1 | Gained mutation: You are resistant to hostile enchantments. (MR+) [mutagenic meat]
 52717 | Vaults:1 | Received a gift from Okawaru
 52720 | Vaults:1 | Got a fine chain mail {god gift}
 52721 | Vaults:1 | Identified the +4 chain mail "Zolaomam" {MP+9} (Okawaru gifted it to you on level 1 of the Vaults)
 52761 | Vaults:1 | Gained mutation: Your mind is acute. (Int +2) [mutagenic meat]
 54089 | Vaults:2 | Lost mutation: You are somewhat resistant to further mutation. [mutagenic meat]
 54255 | Vaults:2 | Lost mutation: You are very agile. (Dex +4) [mutagenic meat]
 54256 | Vaults:2 | Gained mutation: You are surrounded by a mild repulsion field. (EV +2) [mutagenic meat]
 54523 | Vaults:2 | Reached XP level 23. HP: 170/170 MP: 30/30
 54683 | Vaults:2 | Found a staircase to the Crypt.
 54734 | Vaults:2 | Found Estoh's Assorted Antiques.
 54804 | Vaults:2 | Bought a potion of mutation for 280 gold pieces
 54804 | Vaults:2 | Lost mutation: You are robust. (+10% HP) [potion of mutation]
 54804 | Vaults:2 | Lost mutation: You are surrounded by a mild repulsion field. (EV +2) [potion of mutation]
 54804 | Vaults:2 | Lost mutation: You are agile. (Dex +2) [potion of mutation]
 54804 | Vaults:2 | Lost mutation: You are resistant to hostile enchantments. (MR+) [potion of mutation]
 54804 | Vaults:2 | Lost mutation: [Armour fits poorly on your strangely shaped body.] [potion of mutation]
 54804 | Vaults:2 | Gained mutation: You are partially covered in thin metallic scales. (AC +2) [potion of mutation]
 54804 | Vaults:2 | Gained mutation: You passively map the area around you. [potion of mutation]
 55004 | Vaults:2 | Received a gift from Okawaru
 55377 | Vaults:3 | Noticed Bai Suzhen
 55396 | Vaults:3 | Killed Bai Suzhen
 55798 | Vaults:3 | Gained mutation: You are covered in fur. (AC +1) [mutagenic meat]
 55863 | Vaults:3 | Reached skill level 15 in Dodging
 56043 | Vaults:3 | Found Iduklyjai's Magic Scroll Boutique.
 56467 | Vaults:3 | Gained mutation: You have an increased reservoir of magic. (+10% MP) [mutagenic meat]
 56474 | Vaults:3 | Gained mutation: You are weak. (Str -2) [mutagenic meat]
 56475 | Vaults:3 | Gained mutation: You are clumsy. (Dex -2) [mutagenic meat]
 56476 | Vaults:3 | Gained mutation: You have a considerably increased reservoir of magic. (+20% MP) [mutagenic meat]
 56478 | Vaults:3 | Lost mutation: You are clumsy. (Dex -2) [mutagenic meat]
 56479 | Vaults:3 | Gained mutation: Your flesh is heat resistant. (rF+) [mutagenic meat]
 56480 | Vaults:3 | Lost mutation: You are weak. (Str -2) [mutagenic meat]
 57007 | Vaults:4 | Received a gift from Okawaru
 57562 | Vaults:4 | Found a glowing golden altar of the Shining One.
 57649 | Vaults:4 | Received a gift from Okawaru
 57650 | Vaults:4 | Got a blackened great mace {god gift}
 57659 | Vaults:4 | Identified the +5 great mace "Demonbane" {antimagic, rC+ rN+ MR+} (Okawaru gifted it to you on level 4 of the Vaults)
 57909 | Vaults:4 | Reached XP level 24. HP: 164/164 MP: 36/36
 58841 | Vaults:5 | Entered Level 5 of the Vaults
 59134 | Vaults:4 | Received a gift from Okawaru
 59280 | Vaults:5 | Reached skill level 15 in Shields
 59502 | Vaults:5 | Got encrusted shadow dragon scales
 59612 | Vaults:5 | Lost mutation: You have sharp toenails. [mutagenic meat]
 59645 | Vaults:5 | Identified the Almanac of Self-Improvement
 60087 | Vaults:5 | Identified the Volume of Spatial Moulding
 60168 | Vaults:5 | Received a gift from Okawaru
 60526 | Lair:1   | Identified the +10 shadow dragon scales of Negation {Regen+ Int+6 Dex-3 Stlth++++} (You found it on level 5 of the Vaults)
 60897 | Vaults:5 | Identified the Papyrus of Twisted Flames
 61058 | Vaults:5 | Reached XP level 25. HP: 172/172 MP: 30/36
 61093 | Vaults:5 | Gained mutation: Your flesh is cold resistant. (rC+) [mutagenic meat]
 61117 | Vaults:5 | Got a silver rune of Zot
 61763 | Crypt:1  | Entered Level 1 of the Crypt
 62317 | Crypt:1  | Received a gift from Okawaru
 62328 | Crypt:1  | Got a warped scale mail {god gift}
 62360 | Crypt:1  | Noticed Aizul
 62371 | Crypt:1  | Killed Aizul
 62375 | Crypt:1  | Killed the ghostly Aizul
 62560 | Crypt:1  | Lost mutation: You have a pair of small antennae on your head. [mutagenic meat]
 62561 | Crypt:1  | Gained mutation: You have a pair of small horns on your head. [mutagenic meat]
 62562 | Crypt:1  | Lost mutation: You passively map the area around you. [mutagenic meat]
 63294 | Depths:1 | Entered Level 1 of the Depths
 63359 | Depths:1 | Got a warped robe
 63366 | Depths:1 | Found a one-way gate leading to the halls of Pandemonium.
 63935 | Depths:1 | Found a gateway to Hell.
 64019 | Depths:1 | Lost mutation: Your mind is acute. (Int +2) [mutagenic meat]
 64663 | Depths:2 | Gained mutation: You are robust. (+10% HP) [mutagenic meat]
 64665 | Depths:2 | Lost mutation: You are robust. (+10% HP) [mutagenic meat]
 64688 | Depths:2 | Received a gift from Okawaru
 64957 | Depths:2 | Lost mutation: You have a considerably increased reservoir of magic. (+20% MP) [mutagenic meat]
 65170 | Depths:2 | Gained mutation: [Armour fits poorly on your strangely shaped body.] [mutagenic meat]
 65175 | Depths:2 | Lost mutation: Your flesh is heat resistant. (rF+) [mutagenic meat]
 65177 | Depths:2 | Lost mutation: You have a pair of small horns on your head. [mutagenic meat]
 65178 | Depths:2 | Lost mutation: You passively map a small area around you. [mutagenic meat]
 65284 | Depths:3 | Noticed a juggernaut
 65298 | Depths:3 | Noticed a juggernaut
 65301 | Depths:3 | Killed a juggernaut
 65330 | Depths:3 | Killed a juggernaut
 65330 | Depths:3 | Reached XP level 26. HP: 156/181 MP: 26/33
 65607 | Depths:3 | Got a ripped robe
 65637 | Depths:3 | Lost mutation: You have an increased reservoir of magic. (+10% MP) [mutagenic meat]
 65638 | Depths:3 | Gained mutation: Scrolls take you a little longer to read. [mutagenic meat]
 65639 | Depths:3 | Lost mutation: Scrolls take you a little longer to read. [mutagenic meat]
 65779 | Depths:3 | Identified the Grimoire of Combat Magic
 66322 | Depths:3 | Found a gateway to a ziggurat.
 66492 | Depths:3 | Gained mutation: You have a pair of small horns on your head. [mutagenic meat]
 66493 | Depths:3 | Lost mutation: [Armour fits poorly on your strangely shaped body.] [mutagenic meat]
 66583 | Depths:3 | Gained mutation: Scrolls take you a little longer to read. [mutagenic meat]
 66584 | Depths:3 | Gained mutation: Your muscles are strong. (Str +2) [mutagenic meat]
 66585 | Depths:3 | Lost mutation: Your movements are slightly less encumbered by armour. (ER -2) [mutagenic meat]
 66764 | Depths:3 | Received a gift from Okawaru
 66809 | Depths:3 | You are sucked into a shaft for 2 floors!
 66809 | Depths:5 | Entered Level 5 of the Depths
 66854 | Depths:4 | Noticed Xtahua
 66888 | Depths:3 | Killed Xtahua
 67224 | Depths:3 | Found a one-way gate to the infinite horrors of the Abyss.
 67690 | Depths:3 | Got a shimmering robe
 67704 | Depths:4 | Lost mutation: You are partially covered in thin metallic scales. (AC +2) [a neqoxec]
 67723 | Depths:4 | Paralysed by a sphinx for 4 turns
 67874 | Depths:4 | Noticed Boris
 67899 | Depths:4 | Killed Boris
 67936 | Depths:4 | Noticed a juggernaut
 67949 | Depths:4 | Killed a juggernaut
 67949 | Depths:4 | Reached XP level 27. HP: 189/189 MP: 30/30
 68070 | Depths:4 | Received a gift from Okawaru
 68074 | Depths:4 | Noticed EnegeticOcto's ghost (veteran GrAK)
 68121 | Depths:4 | Killed EnegeticOcto's ghost
 68500 | Depths:4 | Noticed a juggernaut
 68508 | Depths:4 | Killed a juggernaut
 68515 | Depths:4 | Gained mutation: Your movements are slightly less encumbered by armour. (ER -2) [mutagenic meat]
 68517 | Depths:4 | Gained mutation: Potions are less effective at restoring your health. [mutagenic meat]
 68518 | Depths:4 | Gained mutation: You are resistant to hostile enchantments. (MR+) [mutagenic meat]
 68585 | Depths:4 | Got a translucent scale mail
 68657 | Depths:4 | Found the +0 sword of Power
 68816 | Depths:4 | Received a gift from Okawaru
 69071 | Depths:4 | Lost mutation: Scrolls take you a little longer to read. [mutagenic meat]
 69771 | Depths:5 | Received a gift from Okawaru
 70134 | Depths:5 | Found a gate to the Realm of Zot.
 70445 | Hell     | Entered the Vestibule of Hell
 70445 | Hell     | Noticed Geryon
 70838 | Hell     | Killed Geryon
 71435 | Hell     | Found a gateway to the ashen valley of Gehenna.
 71567 | Hell     | Received a gift from Okawaru
 71576 | Hell     | Got an encrusted cloak {god gift}
 71653 | Hell     | Found a gateway to the freezing wastes of Cocytus.
 71942 | Hell     | Found a gateway to the Iron City of Dis.
 72007 | Hell     | Found a gateway to the decaying netherworld of Tartarus.
 72048 | Hell     | Identified the +3 cloak "Hoewkis" {Dex+4} (Okawaru gifted it to you in the Vestibule of Hell)
 72099 | Coc:1    | Entered Level 1 of Cocytus
 74110 | Coc:7    | Entered Level 7 of Cocytus
 74173 | Coc:7    | Received a gift from Okawaru
 74990 | Coc:6    | Received a gift from Okawaru
 76103 | Crypt:2  | Received a gift from Okawaru
 76224 | Crypt:2  | Noticed Jory
 76244 | Crypt:2  | Killed Jory
 76687 | Crypt:2  | Found a basalt altar of Yredelemnul.
 77398 | Crypt:3  | Entered Level 3 of the Crypt
 77823 | Crypt:3  | Found a staircase to the Tomb.
 78250 | Crypt:3  | Found a basalt altar of Yredelemnul.
 78417 | Crypt:3  | Received a gift from Okawaru
 78461 | Crypt:3  | Got a wavering tin ring
 78878 | Tomb:1   | Entered Level 1 of the Tomb of the Ancients
 79000 | Tomb:1   | Noticed a greater mummy
 79022 | Tomb:1   | Killed a greater mummy
 79095 | Tomb:1   | Reached skill level 27 in Fighting
 79099 | Tomb:1   | Noticed Khufu
 79134 | Tomb:1   | Killed Khufu
 79134 | Tomb:1   | Reached skill level 27 in Armour
 79215 | Tomb:1   | Received a gift from Okawaru
 79223 | Tomb:1   | Identified the ring of Siuschoc {Fire MR+ Int-4 Dex+4 Stlth-} (You found it on level 3 of the Crypt)
 79241 | Tomb:1   | Noticed a greater mummy
 79441 | Tomb:1   | Killed a greater mummy
 79973 | Tomb:1   | Noticed a greater mummy
 79995 | Tomb:1   | Killed a greater mummy
 80020 | Tomb:1   | Noticed a greater mummy
 80035 | Tomb:1   | Killed a greater mummy
 80081 | Tomb:1   | Noticed a greater mummy
 80097 | Tomb:1   | Killed a greater mummy
 80412 | Tomb:2   | Noticed a greater mummy
 80419 | Tomb:2   | Noticed an ancient lich
 80423 | Tomb:2   | Killed a greater mummy
 80426 | Tomb:2   | Killed an ancient lich
 80437 | Tomb:2   | Noticed a greater mummy
 80438 | Tomb:2   | Noticed a greater mummy
 80457 | Tomb:2   | Received a gift from Okawaru
 80466 | Tomb:2   | Killed a greater mummy
 80471 | Tomb:2   | Killed a greater mummy
 81047 | Tomb:1   | Noticed a greater mummy
 81048 | Tomb:1   | Noticed a greater mummy
 81062 | Tomb:1   | Killed a greater mummy
 81070 | Tomb:1   | Noticed a greater mummy
 81082 | Tomb:1   | Killed a greater mummy
 81094 | Tomb:1   | Noticed a greater mummy
 81099 | Tomb:1   | Killed a greater mummy
 81106 | Tomb:1   | Killed a greater mummy
 81438 | Tomb:3   | Entered Level 3 of the Tomb of the Ancients
 81449 | Tomb:3   | Noticed a greater mummy
 81449 | Tomb:3   | Noticed a greater mummy
 81469 | Tomb:3   | Killed a greater mummy
 81475 | Tomb:3   | Noticed Boris
 81475 | Tomb:3   | Noticed a greater mummy
 81475 | Tomb:3   | Noticed a greater mummy
 81875 | Tomb:3   | Received a gift from Okawaru
 81876 | Tomb:3   | Got a transparent chain mail {god gift}
 82475 | Lair:1   | Identified the +1 chain mail of Kiap {*Corrode Str+3 Dex+6 Stlth-} (Okawaru gifted it to you on level 3 of the Tomb of the Ancients)
 83243 | Coc:3    | Gained mutation: You occasionally shout uncontrollably at your foes. [mutagenic glow]
 84458 | Coc:4    | Received a gift from Okawaru
 84692 | Coc:5    | Received a gift from Okawaru
 85248 | Coc:5    | Received a gift from Okawaru
 86452 | Coc:1    | Reached skill level 27 in Shields
 87816 | Coc:4    | Received a gift from Okawaru
 89436 | Coc:7    | Received a gift from Okawaru
 89829 | Coc:7    | Noticed Antaeus
 89859 | Coc:7    | Killed Antaeus
 90496 | Coc:7    | Identified the Guide on Captivating Battle Magic
 90502 | Coc:7    | Got a scorched bone ring
 90504 | Coc:7    | Got a spiked chain mail
 90509 | Coc:7    | Identified the ring "Baufadgh" {*Slow rElec MR+ Int+4 Stlth+} (You found it on level 7 of Cocytus)
 90900 | Coc:7    | Got an icy rune of Zot
 90920 | Coc:7    | Received a gift from Okawaru
 90923 | Coc:7    | Got a fine hat {god gift}
 90935 | Coc:7    | Identified the +1 hat of Bedevilment {Int+4} (Okawaru gifted it to you on level 7 of Cocytus)
 91065 | Coc:7    | Got a coiled silver amulet
 91071 | Coc:7    | Identified the amulet of Xom's Ringing Laughter {Faith Str+3 Int+3} (You took it off a skeletal warrior on level 7 of Cocytus)
 91481 | Lair:1   | Identified the cursed +0 chain mail "Anaupat" {rElec Str+4} (You found it on level 7 of Cocytus)
 92160 | Geh:1    | Entered Level 1 of Gehenna
 93110 | Geh:1    | Reached skill level 27 in Maces & Flails
 94229 | Geh:3    | Received a gift from Okawaru
 94230 | Geh:3    | Got a pitted scarf {god gift}
 94291 | Geh:3    | Identified the scarf "Lantive" {MR+} (Okawaru gifted it to you on level 3 of Gehenna)
 96181 | Orc:2    | Bought an uncursed ring of positive energy for 280 gold pieces
 96395 | Lair:1   | Learned a level 2 spell: Blink
 96873 | Geh:4    | Received a gift from Okawaru
 98079 | Geh:4    | Received a gift from Okawaru
 99518 | Geh:5    | Received a gift from Okawaru
100514 | Geh:6    | Gained mutation: Your magical capacity is low. (-10% MP) [mutagenic glow]
101343 | Geh:7    | Entered Level 7 of Gehenna
101652 | Geh:7    | Received a gift from Okawaru
102087 | Geh:7    | Noticed the Serpent of Hell
102115 | Geh:7    | Killed the Serpent of Hell
102169 | Geh:7    | Received a gift from Okawaru
102491 | Geh:7    | Got a fine bone ring
102531 | Geh:7    | Got a warped amber ring
102660 | Geh:7    | Noticed Asmodeus
102694 | Geh:7    | Killed Asmodeus
102694 | Geh:7    | Reached skill level 10 in Evocations
102708 | Geh:7    | Got an obsidian rune of Zot
103075 | Lair:1   | Identified the ring of Asipuq {+Inv rF+} (You found it on level 7 of Gehenna)
103077 | Lair:1   | Identified the ring "Faadicas" {*Drain rElec rPois rN++ MR+ Stlth+} (You found it on level 7 of Gehenna)
103742 | Lair:1   | Identified the +7 scale mail of Etebbif {MR++ rCorr Dex-5} (Okawaru gifted it to you on level 1 of the Crypt)
103752 | Lair:1   | Identified the +4 scale mail of Inviolability {+Blink rN+ Int+2} (You took it off a deep elf high priest on level 4 of the Depths)
104173 | Tomb:1   | Noticed a greater mummy
104233 | Tomb:1   | Killed a greater mummy
104270 | Tomb:1   | Noticed a greater mummy
104281 | Tomb:1   | Killed a greater mummy
104306 | Tomb:1   | Noticed a greater mummy
104322 | Tomb:1   | Killed a greater mummy
104620 | Tomb:1   | Noticed a greater mummy
104639 | Tomb:1   | Killed a greater mummy
104715 | Tomb:1   | Noticed a greater mummy
104728 | Tomb:1   | Killed a greater mummy
104728 | Tomb:1   | Received a gift from Okawaru
104759 | Tomb:1   | Noticed a greater mummy
104760 | Tomb:1   | Noticed a greater mummy
104772 | Tomb:1   | Killed a greater mummy
104779 | Tomb:1   | Killed a greater mummy
105121 | Tomb:1   | Noticed a greater mummy
105146 | Tomb:1   | Killed a greater mummy
105320 | Tomb:1   | Noticed a greater mummy
105325 | Tomb:1   | Killed a greater mummy
105351 | Tomb:1   | Noticed a greater mummy
105366 | Tomb:1   | Killed a greater mummy
105444 | Tomb:3   | Killed a greater mummy
105454 | Tomb:3   | Killed a greater mummy
105493 | Tomb:3   | Killed Boris
105499 | Tomb:3   | Killed a greater mummy
105699 | Tomb:3   | Identified Sif Muna's Catalogue of Clay
106131 | Tomb:3   | Got a transparent granite ring
106135 | Tomb:3   | Got a fine chain mail
106139 | Tomb:3   | Got a jewelled whip
106144 | Tomb:3   | Got a sparkling tin ring
106155 | Tomb:3   | Noticed a greater mummy
106165 | Tomb:3   | Killed a greater mummy
106169 | Tomb:3   | Noticed a greater mummy
106178 | Tomb:3   | Killed a greater mummy
106178 | Tomb:3   | Received a gift from Okawaru
106186 | Tomb:3   | Noticed a greater mummy
106187 | Tomb:3   | Got a fine demon whip {god gift}
106208 | Tomb:3   | Killed a greater mummy
106572 | Tomb:3   | Got a clouded marble ring
106579 | Tomb:3   | Got a scorched scale mail
107021 | Lair:1   | Identified the +5 demon whip of Karma {vamp, rF- Dex+4} (Okawaru gifted it to you on level 3 of the Tomb of the Ancients)
107025 | Lair:1   | Identified the +6 whip "Nonet" {pain, +Blink rElec Int-3} (You found it on level 3 of the Tomb of the Ancients)
107072 | Lair:1   | Identified the cursed +1 scale mail "Hiteb" {Int+4} (You found it on level 3 of the Tomb of the Ancients)
107075 | Lair:1   | Identified the ring "Ilucvyoff" {Int+6 SInv} (You found it on level 3 of the Tomb of the Ancients)
107077 | Lair:1   | Identified the ring "Falydiy" {rC+ Int+3} (You found it on level 3 of the Tomb of the Ancients)
107079 | Lair:1   | Identified the ring "Xyakhun" {*Corrode rN+ Dex+4 Slay+3} (You found it on level 3 of the Tomb of the Ancients)
107113 | Lair:1   | Identified the +1 chain mail of Decompression {+Fly rF+} (You found it on level 3 of the Tomb of the Ancients)
108326 | Tomb:3   | Noticed Frederick
108338 | Tomb:3   | Noticed a greater mummy
108435 | Tomb:3   | Killed Frederick
108443 | Tomb:3   | Killed a greater mummy
108936 | Temple   | Entered the Ecumenical Temple
109572 | Tomb:3   | Noticed a greater mummy
109590 | Tomb:3   | Killed a greater mummy
109780 | Tomb:3   | Got a golden rune of Zot
110495 | Zig:1    | Entered Level 1 of a ziggurat
110514 | Zig:2    | Entered Level 2 of a ziggurat
110653 | Zig:3    | Entered Level 3 of a ziggurat
110683 | Zig:4    | Entered Level 4 of a ziggurat
110736 | Zig:5    | Entered Level 5 of a ziggurat
110788 | Zig:5    | Got a coiled jade ring
110804 | Zig:5    | Identified the ring of Oenomania {rElec AC+3} (You found it on level 5 of a ziggurat)
110813 | Zig:6    | Entered Level 6 of a ziggurat
110834 | Zig:6    | Received a gift from Okawaru
110838 | Zig:6    | Paralysed by accursed screaming for 1 turns
110851 | Zig:6    | Paralysed by accursed screaming for 2 turns
110867 | Zig:6    | Got a ripped robe {god gift}
110998 | Zig:7    | Entered Level 7 of a ziggurat
111173 | Zig:7    | Identified the Catalogue of Earthen Dislocation
111193 | Zig:8    | Entered Level 8 of a ziggurat
111212 | Zig:8    | Paralysed by accursed screaming for 1 turns
111216 | Zig:8    | Gained mutation: You are clumsy. (Dex -2) [a neqoxec]
111218 | Zig:8    | Paralysed by accursed screaming for 2 turns
111231 | Zig:8    | HP: 7/199 [demonic crawler (illusionary) (4)]
111238 | Zig:8    | HP: 7/199 [starcursed mass/accursed screaming (11)]
111241 | Zig:8    | Paralysed by accursed screaming for 1 turns
111242 | Zig:8    | Killed from afar by a smoke demon

Vault maps used:
D:1:      dpeg_arrival_circle_labyrinth_b
D:2:      nicolae_overflow_hidden_temple, uniq_crazy_yiuf_cottage
D:3:      nicolae_overflow_crystal_walls, st_stairs_5
D:4:      serial_shops, shop
D:5:      led_sif_pool, first_bread
D:6:      marbit_many_paths, lemuel_crystal_altar, kennysheep_mini,
          vehumet_crystals, minmay_lizard_king
D:7:      nicolae_tso_swordbearing_angel, minmay_temple_entry_glass,
          cheibriados_altar_1, uniq_duvessa
D:8:      old_standard_altar, old_standard_altar,
          gammafunk_temple_overflow_pools, david_nohive_1
D:9:      old_standard_altar
D:11:     grunt_lair_entry_orc_guard_hut, minmay_item_behind_shaft,
          minmay_librarian
D:12:     zombieorc2_lemuel, serial_shops, shop, minivault_16
D:13:     lightli_vaults_fourway_checkpoint, uniq_nessos, uniq_maurice,
          uniq_rupert
D:14:     basic_altar, minmay_strange_pillars
D:15:     hangedman_depths_entry_civil_slaughter,
          lemuel_mausoleum_altar_yredelemnul
Temple:   corrupted_temple
Lair:1:   uniq_grum
Lair:2:   swamp_mist_pool, grunt_megastairs_2
Lair:3:   minmay_snake_entry_guardpost_medium, minivault_23, fungi_pond_lemuel
Lair:4:   beast_lair_carwin_7, infiniplex_staircase_pool
Lair:5:   portal_ice_cave_demonic_guard, columned_hall_lemuel,
          patterned_corridor, lemuel_fruit_tree, infiniplex_staircase_pool_2
Lair:6:   hangedman_lair_caniforms_friends, guppyfry_lair_end_dragon,
          nicolae_slime_entry_slimehenge, st_stairs_7, minmay_another_anthill
Swamp:1:  evilmike_swamp_ruin_house_6
Swamp:2:  serial_swamp_ruin, evilmike_swamp_ruin_house_5,
          evilmike_swamp_ruin_house_2, evilmike_swamp_ruin_house_3, swamp_pool5,
          nicolae_swamp_triple_paths, uniq_louise, uniq_nikola
Swamp:3:  nicolae_swamp_round_clearing, swamp_pool2, hangedman_swamp_cone,
          nicolae_swamp_very_dense_foliage
Swamp:4:  swamp_basic_johnstein, swamp_pool1, uniq_jorgrun
Snake:1:  serial_shops, shop_statue
Snake:2:  hangedman_cross_veins, eino_curves_02, minmay_shoptagon,
          grunt_megastairs_4, uniq_saint_roka
Snake:3:  cheibrodos_snake_lava_hold
Snake:4:  snake_pit
Slime:3:  cheibrodos_slime_lost_civilization_5
Orc:1:    cheibrodos_orc_guarddog
Orc:2:    grunt_orc_gardens, grunt_orc_garden, grunt_orc_garden,
          grunt_orc_garden, grunt_orc_garden, basic_altar, serial_shops, shop,
          uniq_sonja
Elf:1:    eino_elf_arrival_altar, minmay_elf_annihilation, minmay_misc_feat_rows
Elf:2:    minmay_shop_grove
Elf:3:    minmay_elf_hall_dome, serial_shops, shop, shop, shop
Vaults:1: v_pattern_3, grunt_vaults_focal, v_misc_29, v_misc_18,
          vaults_room_fours, vaults_room_grunt_arrival_ludios,
          nicolae_vaults_theta, nicolae_vaults_meeting, serial_glass
Vaults:2: nicolae_vaults_network_periphery, minmay_crypt_entry_simple_box,
          vaults_dpeg_hooks, vaults_standard_mumra_lines,
          ontoclasm_vaults_hangar, v_misc_11, ontoclasm_vaults_misaligned,
          hangedman_vaults_trim, nicolae_vaults_border_crossing,
          vaults_dpeg_diagonal, v_misc_2, vaults_room_semicircle, serial_shops,
          nicolae_shop_window_shopping
Vaults:3: v_misc_10, ontoclasm_vaults_hangar, vaults_room_pools,
          grunt_vaults_hallway_long, nicolae_vaults_big_ls, v_misc_14,
          ontoclasm_vaults_claustrophobia, vaults_dpeg_encased_lava,
          vaults_dpeg_ring, nicolae_vaults_little_squares_1,
          vaults_room_fancy_cross, grunt_vaults_swirl, serial_shops, shop,
          uniq_bai_suzhen
Vaults:4: nicolae_vaults_lopsided_apartments, v_alt_pattern_4,
          nicolae_vaults_specimen_jars, v_misc_9,
          nicolae_vaults_ring_of_whatevers, v_alt_pattern_6, v_misc_2,
          v_misc_22, nicolae_vaults_little_ls, ontoclasm_vaults_chip, v_misc_5,
          vaults_mumra_hexcomb, vaults_room_door_ring, basic_altar
Crypt:1:  grunt_crypt_arrival_split, uniq_aizul
Crypt:2:  minivault_26, st_stairs_10, hangedman_blasphemy, uniq_jory
Crypt:3:  church_of_pain_bobbens, tomb_entry_simple_bobbens, due_unseen_surprise
Tomb:1:   uniq_khufu
Tomb:3:   uniq_frederick, uniq_boris
Depths:1: hell_entry, pan_entry, minmay_misc_feat_x, kennysheep_generic_room_12
Depths:2: minmay_glassy_protrusions, hangedman_coc_ice_floe
Depths:3: minmay_heptahexagon, enter_ziggurat_e, pan_entry,
          abyss_entry_small_statue_room, lightli_too_deep
Depths:4: hangedman_box_tower, abyss_entry_crystal, hell_entry,
          minmay_misc_feat_room, uniq_xtahua, uniq_boris
Depths:5: grunt_zot_entry_tricorne, hangedman_geh_valley,
          rand_demon_pan_entry_1, nrook_pool_corridor
Geh:3:    hangedman_hellfire_club
Geh:6:    lemuel_flamethrower_3
Geh:7:    geh_old
Coc:7:    coc_dpeg
Abyss:3:  lemuel_flamethrower_3
Zig:7:    ziggurat_pillar_centre_c
IceCv:    ice_cave_statue_garden_teleport

Skill      XL: |  1  2  3  4  5  6  7  8  9 10 11 12 13 14 15 16 17 18 19 20 21 22 23 24 25 26 27 |
---------------+----------------------------------------------------------------------------------+-----
Armour         | 1 2 3 4 6 7 8 10 11 12 13 14 15 16 17 18 19 20 21 22 23 27 | 27.0
Fighting       | 3 4 5 6 7 9 10 11 12 13 15 16 17 18 19 20 21 22 23 27 | 27.0
Maces & Flails | 4 5 6 7 8 9 10 11 12 15 18 19 20 27 | 27.0
Evocations     | 1 2 3 4 5 6 13 | 13.6
Invocations    | 3 5 6 7 9 10 | 10.0
Dodging        | 4 6 7 8 9 10 11 12 13 14 15 23 | 23.4
Shields        | 5 8 11 12 14 15 16 18 27 | 27.0
Throwing       | |  1.7

Action                   |  1- 3 |  4- 6 |  7- 9 | 10-12 | 13-15 | 16-18 | 19-21 | 22-24 | 25-27 || total
-------------------------+-------+-------+-------+-------+-------+-------+-------+-------+-------++-------
Melee: Flail             |   146 |    88 |       |       |       |       |       |     4 |       ||   238
       Whip              |       |    95 |   274 |       |       |       |       |       |       ||   369
       Morningstar       |       |       |   191 |   462 |       |       |       |       |       ||   653
       Punch             |       |       |     1 |     1 |       |       |       |       |       ||     2
       Great mace        |       |       |       |   335 |  1167 |  1111 |  1522 |    32 |       ||  4167
       Eveningstar       |       |       |       |       |       |       |       |  1957 |  8988 || 10945
       Headbutt          |       |       |       |       |       |       |       |       |  2780 ||  2780
       Demon whip        |       |       |       |       |       |       |       |       |   207 ||   207
Invok: Heroism           |       |       |     3 |    11 |    12 |     4 |     2 |     9 |    14 ||    55
       Finesse           |       |       |       |       |     9 |     1 |     1 |     8 |    17 ||    36
 Abil: Fly               |       |       |       |       |     1 |       |       |     1 |     3 ||     5
       Stop Flying       |       |       |       |       |       |       |       |     1 |     3 ||     4
       Evoke Blink       |       |       |       |       |       |       |       |       |     5 ||     5
Evoke: Wand              |       |       |       |     1 |     1 |       |       |     1 |    10 ||    13
       Sack of spiders   |       |       |       |       |       |       |       |     1 |       ||     1
       Lightning rod     |       |       |       |       |       |       |       |       |     3 ||     3
       Box of beasts     |       |       |       |       |       |       |       |       |     4 ||     4
       Phial of floods   |       |       |       |       |       |       |       |       |     2 ||     2
  Use: Scroll            |       |     3 |       |     1 |    43 |     9 |    11 |    14 |    36 ||   117
       Potion            |       |       |     2 |       |     4 |       |     2 |     4 |    13 ||    25
 Stab: Sleeping          |       |       |       |     3 |     2 |       |       |       |       ||     5
       Distracted        |       |       |       |     2 |       |     1 |       |       |     3 ||     6
       Confused          |       |       |       |       |       |     1 |       |       |     1 ||     2
       Invisible         |       |       |       |       |       |       |       |       |     3 ||     3
  Eat: Chunk             |     2 |    11 |    12 |    18 |    31 |    40 |    30 |    61 |    67 ||   272
       Fruit             |       |       |     5 |       |    12 |     2 |    20 |     5 |    19 ||    63
       Royal jelly       |       |       |     1 |       |     1 |     1 |       |       |    25 ||    28
       Meat ration       |       |       |       |     2 |       |       |       |     2 |    11 ||    15
       Bread ration      |       |       |       |       |       |       |       |       |     8 ||     8
Armor: Leather armour    |    61 |     2 |       |       |       |       |       |       |       ||    63
       Chain mail        |       |   190 |   358 |   157 |       |       |       |       |       ||   705
       Plate armour      |       |       |       |   392 |   604 |       |       |       |       ||   996
       Troll leather arm |       |       |       |    84 |    77 |       |       |       |       ||   161
       Crystal plate arm |       |       |       |       |   419 |   676 |  1087 |   868 |  4647 ||  7697
Dodge: Dodged            |    95 |   126 |   250 |   611 |  1116 |   366 |   720 |   573 |  3598 ||  7455
Block: Other             |       |       |       |       |   209 |   444 |   717 |    41 |       ||  1411
       Reflection        |       |       |       |       |       |    34 |    79 |   144 |   316 ||   573
       Buckler           |       |       |       |       |       |       |       |  1592 | 10025 || 11617

Table legend:
 A = Spawn XP
 B = Non-spawn XP
 C = Spawn XP percentage of total XP
 D = Spawn monster count
 E = Non-spawn monster count
 F = Spawn count percentage of total count
 G = Total turns spent on level
                    A         B        C        D         E        F      G
               +---------+---------+-------+---------+---------+-------+---------
         Total |   18120 | 3078488 |   0.6 |      32 |    4464 |   0.7 | 111242
               +---------+---------+-------+---------+---------+-------+---------
           D:1 |       0 |      58 |   0.0 |       0 |      32 |   0.0 |  1383
           D:2 |       0 |     108 |   0.0 |       0 |      22 |   0.0 |  1494
           D:3 |       0 |     120 |   0.0 |       0 |      20 |   0.0 |  1270
           D:4 |       0 |     308 |   0.0 |       0 |      13 |   0.0 |   795
           D:5 |       0 |     172 |   0.0 |       0 |       8 |   0.0 |  1066
           D:6 |       0 |    2216 |   0.0 |       0 |      33 |   0.0 |  3209
           D:7 |       0 |    1710 |   0.0 |       0 |      34 |   0.0 |  1360
           D:8 |       0 |    2341 |   0.0 |       0 |      32 |   0.0 |  1228
           D:9 |       0 |    3377 |   0.0 |       0 |      27 |   0.0 |  1152
          D:10 |       0 |    4231 |   0.0 |       0 |      37 |   0.0 |  1477
          D:11 |       0 |    3352 |   0.0 |       0 |      21 |   0.0 |  1994
          D:12 |       0 |    5533 |   0.0 |       0 |      62 |   0.0 |  2345
          D:13 |       0 |   15136 |   0.0 |       0 |      27 |   0.0 |  1848
          D:14 |       0 |    4244 |   0.0 |       0 |      20 |   0.0 |  1075
          D:15 |       0 |   16203 |   0.0 |       0 |      39 |   0.0 |  1908
        Lair:1 |       0 |    2744 |   0.0 |       0 |      11 |   0.0 |  3118
        Lair:2 |       0 |    5567 |   0.0 |       0 |      20 |   0.0 |  1185
        Lair:3 |       0 |    3152 |   0.0 |       0 |      16 |   0.0 |   849
        Lair:4 |       0 |   10487 |   0.0 |       0 |      40 |   0.0 |  1499
        Lair:5 |       0 |    2284 |   0.0 |       0 |       8 |   0.0 |  1330
        Lair:6 |       0 |   28730 |   0.0 |       0 |     124 |   0.0 |  2768
       Swamp:1 |       0 |    5233 |   0.0 |       0 |      14 |   0.0 |   812
       Swamp:2 |       0 |    8772 |   0.0 |       0 |      13 |   0.0 |  1119
       Swamp:3 |       0 |    6786 |   0.0 |       0 |      17 |   0.0 |   744
       Swamp:4 |       0 |   41054 |   0.0 |       0 |      68 |   0.0 |   983
       Snake:1 |       0 |   21847 |   0.0 |       0 |      40 |   0.0 |  1128
       Snake:2 |       0 |   33029 |   0.0 |       0 |      63 |   0.0 |  1727
       Snake:3 |       0 |   30719 |   0.0 |       0 |      52 |   0.0 |  1178
       Snake:4 |       0 |   69860 |   0.0 |       0 |     114 |   0.0 |  1815
       Slime:1 |       0 |    8938 |   0.0 |       0 |      18 |   0.0 |   240
       Slime:2 |       0 |   12350 |   0.0 |       0 |      20 |   0.0 |   138
       Slime:3 |       0 |   24155 |   0.0 |       0 |      27 |   0.0 |   641
       Slime:4 |       0 |   19810 |   0.0 |       0 |      28 |   0.0 |   805
       Slime:5 |       0 |   48337 |   0.0 |       0 |      37 |   0.0 |  1027
         Orc:1 |       0 |    8150 |   0.0 |       0 |      55 |   0.0 |  1175
         Orc:2 |       0 |   13422 |   0.0 |       0 |      47 |   0.0 |  1551
         Elf:1 |       0 |   23583 |   0.0 |       0 |      36 |   0.0 |  2058
         Elf:2 |       0 |   44298 |   0.0 |       0 |      55 |   0.0 |  1236
         Elf:3 |       0 |   49182 |   0.0 |       0 |      46 |   0.0 |  2255
      Vaults:1 |       0 |   57277 |   0.0 |       0 |      88 |   0.0 |  2738
      Vaults:2 |       0 |   57571 |   0.0 |       0 |      81 |   0.0 |  2330
      Vaults:3 |       0 |   54800 |   0.0 |       0 |      82 |   0.0 |  1714
      Vaults:4 |       0 |   86831 |   0.0 |       0 |     103 |   0.0 |  1947
      Vaults:5 |       0 |  106840 |   0.0 |       0 |      87 |   0.0 |  1545
       Crypt:1 |       0 |   38007 |   0.0 |       0 |      47 |   0.0 |  1782
       Crypt:2 |       0 |   37856 |   0.0 |       0 |      46 |   0.0 |  1069
       Crypt:3 |       0 |   99805 |   0.0 |       0 |     115 |   0.0 |  1771
        Tomb:1 |       0 |  171840 |   0.0 |       0 |      93 |   0.0 |  3704
        Tomb:2 |       0 |   49015 |   0.0 |       0 |      44 |   0.0 |  1609
        Tomb:3 |       0 |  125822 |   0.0 |       0 |     126 |   0.0 |  1775
      Depths:1 |       0 |   26904 |   0.0 |       0 |      38 |   0.0 |  1176
      Depths:2 |       0 |   54181 |   0.0 |       0 |      64 |   0.0 |  1537
      Depths:3 |       0 |  121834 |   0.0 |       0 |     113 |   0.0 |  2349
      Depths:4 |       0 |  121955 |   0.0 |       0 |      80 |   0.0 |  1540
      Depths:5 |       0 |   76360 |   0.0 |       0 |      62 |   0.0 |  2029
          Hell |       0 |   68044 |   0.0 |       0 |      90 |   0.0 |  2305
         Geh:1 |       0 |   47329 |   0.0 |       0 |     103 |   0.0 |  1157
         Geh:2 |       0 |   34144 |   0.0 |       0 |      81 |   0.0 |   860
         Geh:3 |       0 |   83302 |   0.0 |       0 |     161 |   0.0 |  1746
         Geh:4 |       0 |   74016 |   0.0 |       0 |     134 |   0.0 |  1619
         Geh:5 |       0 |   82300 |   0.0 |       0 |     129 |   0.0 |  1426
         Geh:6 |       0 |   69920 |   0.0 |       0 |     106 |   0.0 |  1451
         Geh:7 |       0 |  108534 |   0.0 |       0 |     130 |   0.0 |  1490
         Coc:1 |       0 |   71012 |   0.0 |       0 |     109 |   0.0 |  1549
         Coc:2 |       0 |   94541 |   0.0 |       0 |     122 |   0.0 |  1611
         Coc:3 |       0 |   49038 |   0.0 |       0 |      82 |   0.0 |  1433
         Coc:4 |       0 |   55319 |   0.0 |       0 |      79 |   0.0 |  1356
         Coc:5 |       0 |   99246 |   0.0 |       0 |     127 |   0.0 |  1666
         Coc:6 |       0 |  100044 |   0.0 |       0 |     138 |   0.0 |  1796
         Coc:7 |       0 |  126338 |   0.0 |       0 |     116 |   0.0 |  1849
       Abyss:2 |   10441 |    4333 |  70.7 |      20 |       6 |  76.9 |  1141
       Abyss:3 |    7679 |    2838 |  73.0 |      12 |       7 |  63.2 |   243
         Zig:1 |       0 |     911 |   0.0 |       0 |       3 |   0.0 |    19
         Zig:2 |       0 |    1514 |   0.0 |       0 |       3 |   0.0 |   139
         Zig:3 |       0 |    3605 |   0.0 |       0 |       3 |   0.0 |    30
         Zig:4 |       0 |    2247 |   0.0 |       0 |       6 |   0.0 |    53
         Zig:5 |       0 |    8385 |   0.0 |       0 |       7 |   0.0 |    77
         Zig:6 |       0 |    5237 |   0.0 |       0 |      20 |   0.0 |   185
         Zig:7 |       0 |    9467 |   0.0 |       0 |      13 |   0.0 |   195
         Zig:8 |       0 |    5658 |   0.0 |       0 |      14 |   0.0 |    49
         IceCv |       0 |    2670 |   0.0 |       0 |      10 |   0.0 |   157
               +---------+---------+-------+---------+---------+-------+---------
